[Event "ICC tourney 2314 (120 10)"]
[Site "Internet Chess Club"]
[Date "2021.01.18"]
[Round "6"]
[White "artistqueen"]
[Black "Eagle2020"]
[Result "1-0"]
[ICCResult "Black checkmated"]
[WhiteElo "1260"]
[BlackElo "1518"]
[Opening "French: Tarrasch, closed variation"]
[ECO "C05"]
[NIC "FR.16"]
[Time "16:17:20"]
[PlyCount "109"]
[TimeControl "7200+10"]

1. e4 e6 2. d4 d5 3. Nd2 Nf6 4. e5 Nfd7 5. f4 c5 6. c3 Nc6 7. Ndf3 Be7 8.
a3 O-O 9. Ne2 f6 10. Ng3 cxd4 11. cxd4 fxe5 12. fxe5 Qb6 13. Bd3 Ndxe5 14.
dxe5 Nxe5 15. Be2 Bc5 16. Rf1 Ng4 17. Qd3 Bd7 18. h3 Nf2 19. Qc3 Ne4 20.
Nxe4 dxe4 21. b4 exf3 22. bxc5 fxg2 23. cxb6 Rxf1+ 24. Bxf1 g1=Q 25. bxa7
Rf8 26. Kd2 Qxf1 27. Qxg7+ Kxg7 28. Bb2+ Kg6 29. Rxf1 Ra8 30. Bd4 Bc6 31.
Rf6+ Kh5 32. Rxe6 Rc8 33. Re7 Kg6 34. Rc7 Ra8 35. Kc3 Bh1 36. Kb4 Bc6 37.
Ka5 Rd8 38. Kb6 Bd7 39. Rxd7 Rxd7 40. a8=Q Rxd4 41. Qxb7 Rh4 42. Qc6+ Kg5
43. Qd5+ Kh6 44. Qe6+ Kg5 45. Qe5+ Kg6 46. Qg3+ Kh5 47. Qxh4+ Kxh4 48. a4
Kxh3 49. a5 h5 50. a6 h4 51. a7 Kh2 52. a8=Q h3 53. Qa2+ Kh1 54. Qf2 h2 55.
Qf1# { Black checkmated } 1-0

[Event "ICC tourney 2314 (120 10)"]
[Site "Internet Chess Club"]
[Date "2021.01.18"]
[Round "6"]
[White "AchaTelugammayi"]
[Black "Vinny773175"]
[Result "0-1"]
[ICCResult "White resigns"]
[WhiteElo "1500"]
[BlackElo "1696"]
[Opening "English opening"]
[ECO "A20"]
[NIC "EO.24"]
[Time "16:18:49"]
[PlyCount "138"]
[TimeControl "7200+10"]

1. c4 e5 2. g3 d6 3. Bg2 Nf6 4. d4 exd4 5. Qxd4 Be7 6. Nc3 Nc6 7. Qd1 Rb8
8. Nf3 Be6 9. b3 a6 10. Bb2 h6 11. O-O Qd7 12. e4 O-O 13. Re1 Ne5 14. Nxe5
dxe5 15. Qxd7 Nxd7 16. Nd5 Bd6 17. Rad1 Rbd8 18. Bc3 Nb8 19. b4 c6 20. Ne3
f6 21. c5 Bc7 22. a3 Bb3 23. Rxd8 Rxd8 24. Bf1 Nd7 25. Rb1 Bf7 26. Rd1 Bb3
27. Rd2 Nf8 28. Rxd8 Bxd8 29. Bc4+ Bxc4 30. Nxc4 Bc7 31. Bd2 Ne6 32. Be3
Kf7 33. Kg2 h5 34. Kh3 g6 35. g4 hxg4+ 36. Kxg4 Ke7 37. h4 Kf7 38. h5 gxh5+
39. Kxh5 Ng7+ 40. Kg4 Ke6 41. f4 f5+ 42. Kf3 fxe4+ 43. Kxe4 Nf5 44. Nxe5
Bxe5 45. fxe5 Nxe3 46. Kxe3 Kxe5 47. Kd3 Kd5 48. Kc3 Ke5 49. Kc4 Ke4 50. a4
Ke5 51. Kc3 Ke4 52. Kc4 Ke5 53. b5 a5 54. bxc6 bxc6 55. Kc3 Kd5 56. Kd3
Kxc5 57. Kc3 Kd5 58. Kd3 c5 59. Kc3 c4 60. Kc2 Kc5 61. Kc3 Kd5 62. Kc2 Kd4
63. Kd2 c3+ 64. Kc2 Kc4 65. Kc1 Kb3 66. Kb1 Kxa4 67. Kc2 Kb4 68. Kb1 Kb3
69. Kc1 c2 { White resigns } 0-1

[Event "ICC tourney 2314 (120 10)"]
[Site "Internet Chess Club"]
[Date "2021.01.18"]
[Round "6"]
[White "bgl2011"]
[Black "WaSabi5829"]
[Result "0-1"]
[ICCResult "White checkmated"]
[WhiteElo "1496"]
[BlackElo "1386"]
[Opening "Sicilian: dragon, classical attack"]
[ECO "B73"]
[NIC "SI.16"]
[Time "16:17:28"]
[PlyCount "156"]
[TimeControl "7200+10"]

1. e4 c5 2. Nf3 d6 3. d4 cxd4 4. Nxd4 Nf6 5. Nc3 g6 6. Be3 Bg7 7. Be2 O-O
8. O-O Nc6 9. Re1 Bd7 10. Qd2 Ng4 11. Bxg4 Bxg4 12. Nxc6 bxc6 13. f3 Be6
14. Bd4 c5 15. Bxg7 Kxg7 16. Nd5 Bxd5 17. exd5 Re8 18. Rad1 Qb6 19. c4 Rab8
20. b3 a5 21. Re3 Qb4 22. Qxb4 axb4 23. Re2 Ra8 24. Rd3 Ra7 25. Rdd2 Rea8
26. h3 h5 27. Kh2 h4 28. Kg1 Kf6 29. Kf1 g5 30. Ke1 Rd7 31. Re3 Re8 32. Kf2
e6 33. Ree2 Ree7 34. Re3 e5 35. Rde2 Kg6 36. Kg1 f5 37. Kh2 Rd8 38. Kg1
Rde8 39. Kf2 Kh5 40. Re1 Ra7 41. R3e2 Rea8 42. Ra1 Kg6 43. Kg1 Re7 44. Rae1
Rae8 45. Kf2 e4 46. Re3 Kf6 47. fxe4 Rxe4 48. Kf3 Rxe3+ 49. Rxe3 Rxe3+ 50.
Kxe3 Ke5 51. Kd3 Kf4 52. Ke2 g4 53. Kf2 g3+ 54. Ke2 Ke4 55. Kd2 Kd4 56. Kc2
Ke3 57. Kb2 Kf2 58. a4 bxa3+ 59. Kxa3 Kxg2 60. b4 cxb4+ 61. Kxb4 Kxh3 62.
c5 dxc5+ 63. Kxc5 g2 64. d6 g1=Q+ 65. Kc6 Qd4 66. d7 Qxd7+ 67. Kxd7 f4 68.
Ke6 f3 69. Kf6 f2 70. Kg6 Kg2 71. Kg5 h3 72. Kg4 h2 73. Kg5 h1=R 74. Kg4
f1=R 75. Kg5 Rh8 76. Kg6 Rg8+ 77. Kh7 Rg3 78. Kh8 Rh1# { White checkmated }
0-1

[Event "ICC tourney 2314 (120 10)"]
[Site "Internet Chess Club"]
[Date "2021.01.18"]
[Round "6"]
[White "rachael1120"]
[Black "Elias1302"]
[Result "1/2-1/2"]
[ICCResult "Game drawn by mutual agreement"]
[WhiteElo "1655"]
[BlackElo "1609"]
[Opening "Scandinavian (center counter) defense"]
[ECO "B01"]
[NIC "SD.01"]
[Time "16:17:24"]
[PlyCount "78"]
[TimeControl "7200+10"]

1. e4 d5 2. exd5 Qxd5 3. Nc3 Qa5 4. d4 c6 5. Nf3 Bg4 6. h3 Bh5 7. Be2 Nf6
8. O-O e6 9. Ne5 Bxe2 10. Qxe2 Be7 11. Rd1 Nbd7 12. Bf4 O-O 13. Nxd7 Nxd7
14. d5 cxd5 15. Nxd5 Bf6 16. Nxf6+ Nxf6 17. Be5 Rad8 18. Qe3 Nd5 19. Qf3 f6
20. Bd4 e5 21. Be3 Nxe3 22. Qxe3 Rxd1+ 23. Rxd1 Qxa2 24. Qc3 Qf7 25. Qa3 a6
26. Qa4 Kh8 27. Rd7 Qe8 28. Qg4 Rg8 29. Rc7 b6 30. Qf5 Qg6 31. Qe6 f5 32.
Qxe5 Re8 33. Qc3 Qh6 34. f4 Qg6 35. Rc6 Qh5 36. Rc8 h6 37. Rxe8+ Qxe8 38.
Qd3 Qc8 39. Kh2 b5 { Game drawn by mutual agreement } 1/2-1/2

[Event "ICC tourney 2314 (120 10)"]
[Site "Internet Chess Club"]
[Date "2021.01.18"]
[Round "6"]
[White "ChunkyApple"]
[Black "JavierDix"]
[Result "1-0"]
[ICCResult "Black resigns"]
[WhiteElo "1295"]
[BlackElo "1472"]
[Opening "Robatsch (modern) defense"]
[ECO "B06"]
[NIC "KF.05"]
[Time "16:17:35"]
[PlyCount "63"]
[TimeControl "7200+10"]

1. e4 g6 2. d4 Bg7 3. Nf3 c5 4. c3 cxd4 5. cxd4 Nf6 6. Nc3 O-O 7. Be2 d6 8.
h3 b6 9. O-O Bb7 10. d5 Nbd7 11. Be3 Nc5 12. Bd3 Nxd3 13. Qxd3 Nd7 14. b4
Ne5 15. Nxe5 dxe5 16. Qd2 Rc8 17. Rac1 Qd7 18. a4 f5 19. f3 f4 20. Bf2 Rc7
21. Qa2 Kh8 22. Nb5 Rcc8 23. Nxa7 Ra8 24. Bxb6 Qd6 25. Bc5 Qd7 26. b5 Bxd5
27. Qxd5 Rxa7 28. Bxa7 Qxa7+ 29. Kh2 Qxa4 30. b6 Bf6 31. b7 Kg7 32. Rc8 {
Black resigns } 1-0

[Event "ICC tourney 2314 (120 10)"]
[Site "Internet Chess Club"]
[Date "2021.01.18"]
[Round "6"]
[White "awakeprize"]
[Black "avats"]
[Result "0-1"]
[ICCResult "White checkmated"]
[WhiteElo "1470"]
[BlackElo "1584"]
[Opening "French: advance, Milner-Barry gambit"]
[ECO "C02"]
[NIC "FR.03"]
[Time "16:17:27"]
[PlyCount "132"]
[TimeControl "7200+10"]

1. e4 e6 2. d4 d5 3. e5 c5 4. c3 Nc6 5. Nf3 Qb6 6. Bd3 Bd7 7. dxc5 Bxc5 8.
O-O Qc7 9. b4 Bb6 10. Re1 Nge7 11. Na3 a6 12. b5 Na5 13. bxa6 bxa6 14. Qc2
h6 15. c4 dxc4 16. Nxc4 Nxc4 17. Qxc4 Qxc4 18. Bxc4 O-O 19. Ba3 Rfc8 20.
Bxe6 Bxe6 21. Bxe7 Rc2 22. Rec1 Bxf2+ 23. Kh1 Rac8 24. Rxc2 Rxc2 25. a3 Be3
26. Rb1 Rc1+ 27. Rxc1 Bxc1 28. Nd4 Kh7 29. a4 Bb2 30. Nxe6 fxe6 31. Bd6 Kg6
32. g4 Kg5 33. h3 Kf4 34. Kg2 Bxe5 35. Bb4 Bf6 36. Kf2 Ke4 37. Ke2 e5 38.
Be1 Kd4 39. Bf2+ Kc4 40. Bb6 e4 41. a5 Bg5 42. Bc7 Kd5 43. Bb6 Kc6 44. Ke1
Kb5 45. Ke2 Bc1 46. h4 g6 47. h5 gxh5 48. gxh5 Kc6 49. Bd8 Kd5 50. Bb6 Ke6
51. Bd4 Kf5 52. Kf2 Kg4 53. Kg2 Kxh5 54. Kg3 Kg5 55. Bg1 h5 56. Kh3 Bd2 57.
Kg2 Bxa5 58. Be3+ Kf5 59. Kg3 Bd8 60. Kh3 Bg5 61. Bc1 Bxc1 62. Kh4 e3 63.
Kxh5 e2 64. Kh4 e1=Q+ 65. Kh5 Qg1 66. Kh4 Qg4# { White checkmated } 0-1

[Event "ICC tourney 2314 (120 10)"]
[Site "Internet Chess Club"]
[Date "2021.01.18"]
[Round "6"]
[White "Kfprasanna"]
[Black "Sirichess"]
[Result "0-1"]
[ICCResult "White resigns"]
[WhiteElo "1311"]
[BlackElo "1485"]
[Opening "Ruy Lopez (Spanish opening)"]
[ECO "C68"]
[NIC "RL.01"]
[Time "16:18:14"]
[PlyCount "104"]
[TimeControl "7200+10"]

1. e4 e5 2. Nf3 Nc6 3. Bb5 a6 4. Bc4 Be7 5. Nc3 Nf6 6. d3 b5 7. Bb3 O-O 8.
O-O Bb7 9. Re1 h6 10. Nd5 d6 11. Nxe7+ Nxe7 12. h3 a5 13. a3 a4 14. Ba2 Ng6
15. Nh2 Qd7 16. Qf3 Kh7 17. Be3 Rac8 18. c4 bxc4 19. Bxc4 Rb8 20. Rab1 c5
21. b4 cxb4 22. Rxb4 Bc6 23. Reb1 Rxb4 24. Rxb4 Rc8 25. Rb6 Bxe4 26. Qe2
Bc6 27. Ba6 Ra8 28. Qb2 Nd5 29. Rxc6 Nxe3 30. Rb6 Nd5 31. Rb7 Qc6 32. Bc4
Ndf4 33. Nf3 f6 34. Bf7 Nxd3 35. Qb1 Qc1+ 36. Qxc1 Nxc1 37. Rd7 Ra6 38. Rd8
h5 39. Be6 Nf4 40. Bg8+ Kg6 41. Nh4+ Kg5 42. g3 Nfe2+ 43. Kh2 Nd4 44. Rd7
Nf5 45. Nf3+ Kh6 46. Be6 Nd4 47. Nxd4 exd4 48. Rd8 d3 49. Bf7 g6 50. Rg8 d2
51. Rxg6+ Kh7 52. Rxf6 d1=Q { White resigns } 0-1